 Dungeon Crawl Stone Soup version 0.20.0-4-g10b340a (webtiles) character file.

1218 Manul the Poker (level 8, -4/62 HPs)
             Began as a Human Chaos Knight on May 27, 2017.
             Hit by a tomahawk thrown by an orc warrior (12 damage)
             ... on level 7 of the Dungeon.
             The game lasted 00:09:06 (5662 turns).

Manul the Poker (Human Chaos Knight)                Turns: 5662, Time: 00:09:07

Health: -4/62      AC:  9    Str: 14      XL:     8   Next: 75%
Magic:  8/8        EV: 11    Int: 11      God:    Xom [...*..]
Gold:   256        SH:  5    Dex:  5 (9)  Spells: 7/7 levels left

rFire    . . .     SeeInvis .   p - +1 scythe
rCold    . . .     Gourm    .   (shield currently unavailable)
rNeg     . . .     Faith    .   d - +3 ring mail {MR+}
rPois    +         Spirit   .   (no helmet)
rElec    .         Reflect  +   (no cloak)
rCorr    .         Harm     .   (no gloves)
MR       +....                  (no boots)
Stlth    +.........             m - +5 amulet of reflection
Regen    0.2/turn               n - ring of poison resistance
MPRegen  0.2/turn               (no ring)

@: cleaving, flying, hasted, very quick
A: blink, clumsy 2, dopey 1, mutation resistance 1
a: Blink, Renounce Religion


You were on level 7 of the Dungeon.
You worshipped Xom.
You were a favourite toy of Xom.
You were not hungry.

You visited 1 branch of the dungeon, and saw 7 of its levels.

You collected 256 gold pieces.

Inventory:

Hand Weapons
 a - a +0 spear of chaos
 p - a +1 scythe (weapon)
 F - a +0 glaive
Armour
 b - a +2 leather armour
 d - a +3 ring mail of magic resistance (worn)
Jewellery
 m - a +5 amulet of reflection (around neck)
 n - a ring of poison resistance (left hand)
Wands
 y - a wand of flame (8/48)
 A - a wand of digging (8/24)
Scrolls
 e - a scroll of fear {unknown}
 f - 3 scrolls of teleportation {unknown}
 h - a scroll of amnesia
 j - 10 scrolls of identify
 k - 2 scrolls of enchant armour
 u - 2 scrolls of immolation {unknown}
 v - a scroll of fog
 x - a scroll of noise {unknown}
 C - a scroll of magic mapping {unknown}
 D - a scroll of recharging {unknown}
 E - 2 scrolls of remove curse
Potions
 c - 2 potions of resistance {unknown}
 l - 2 potions of heal wounds {unknown}
 o - a potion of flight
 q - a potion of ambrosia {unknown}
 s - a potion of magic {unknown}
 w - a potion of cancellation
 z - 2 potions of curing
Comestibles
 g - 2 royal jellies
 i - 4 fruits
 r - a meat ration
 t - 2 chunks of flesh


   Skills:
 + Level 5.2 Fighting
 + Level 6.7 Polearms
 + Level 5.0 Armour
 + Level 3.8 Dodging
 - Level 2.2 Stealth


You had 7 spell levels left.
You didn't know any spells.

Dungeon Overview and Level Annotations

Branches:
Dungeon (7/15)             Temple (0/1) D:5

Altars:
Qazlal
Xom

Shops:
D:5 %=%(

Annotations:
D:6 2 transporters


Innate Abilities, Weirdness & Mutations

You can translocate small distances at will.
You are very clumsy. (Dex -4)
You are dopey. (Int -2)
You are somewhat resistant to further mutation.


Message History

The phantom blinks!
Unknown command.
You barely miss the orc warrior. You closely miss something.
Your quasit bites something but does no damage.
Your quasit completely misses something.
Your quasit closely misses something.
The orc priest mumbles some strange prayers to Beogh against you.
Beogh smites you!
* * * LOW HITPOINT WARNING * * *
You block the orc warrior's attack. Something hits you but does no damage.
Your quasit bites something.
Your quasit misses something.
Your quasit claws something.
You swap places.
Something hits you but does no damage.
The orc priest hits your shadow imp with a falchion.
The ogre barely misses your shadow imp.
Your shadow imp hits the orc warrior but does no damage.
The orc warrior throws a tomahawk.
The tomahawk closely misses your quasit.
The tomahawk hits you!
You die...

##. .... #######O....
#....(.{# #.._.# #
#..oO# #.# #..5o#
#...##..(5###
#......5@55##
.####.###..55...#
.........((..#....W.
.#.######....##ยง..##
##..###..:#
#.<.....#.#
#.........#
...............
###.....####...


You could see a phantom, an orc warrior, an ogre, an orc priest, a friendly iron
imp, 2 friendly quasits, a friendly white imp and 3 friendly shadow imps.

Vanquished Creatures
  A hungry ghost (D:5)
  A centaur (D:5)
  2 ogres
  3 crimson imps (D:5)
  A bullfrog zombie (D:6)
  2 hounds
  3 jellies
  A bullfrog skeleton (D:6)
  A quasit (D:6)
  An orc priest (D:4)
  3 orc wizards (D:4)
  2 iguanas (D:4)
  A worker ant (D:6)
  2 howler monkey skeletons
  4 adders
  An adder skeleton (D:6)
  4 worms
  2 dart slugs
  10 orcs
  2 ball pythons
  6 bats
  17 giant cockroaches
  8 goblins
  8 hobgoblins
  7 jackals
  9 kobolds
  3 quokkas
  6 frilled lizards
  A quokka skeleton (D:4)
  6 rats
118 creatures vanquished.

Vanquished Creatures (collateral kills)
  Edmund (D:4)
  An orc warrior (D:6)
2 creatures vanquished.

Vanquished Creatures (others)
  An orc priest (D:6)
  A quokka (D:4)
2 creatures vanquished.

Grand Total: 122 creatures vanquished

Notes
Turn   | Place    | Note
-------+----------+-------------------------------------------
     0 | D:1      | Manul the Human Chaos Knight began the quest for the Orb.
     0 | D:1      | Reached XP level 1. HP: 18/18 MP: 1/1
    22 | D:1      | XOM: harmless Summ miscast
   124 | D:1      | Reached XP level 2. HP: 24/24 MP: 2/2
   328 | D:1      | Reached XP level 3. HP: 29/29 MP: 3/3
   618 | D:2      | Noticed Sigmund
   618 | D:2      | XOM: swap monsters
   692 | D:2      | XOM: swap monsters
   710 | D:2      | HP: 1/29 [poisoned by an adder]
  1051 | D:2      | XOM: summons 1 friendly demon
  1065 | D:1      | XOM: harmless Erth miscast
  1097 | D:1      | Reached XP level 4. HP: 23/36 MP: 4/4
  1293 | D:1      | XOM: divination: magic mapping
  1653 | D:2      | Noticed Sigmund
  1653 | D:2      | Sigmund changed into Sigmund the jelly
  1653 | D:2      | XOM: polymorph Sigmund -> Sigmund the jelly
  1654 | D:2      | Killed Sigmund the jelly
  1654 | D:2      | Reached skill level 4 in Polearms
  1654 | D:2      | Reached XP level 5. HP: 42/42 MP: 5/5
  1976 | D:2      | XOM: god gift: hunting sling {god gift}
  1984 | D:2      | XOM: noise
  2096 | D:2      | XOM: enchant monster (bad)
  2490 | D:3      | Reached skill level 1 in Stealth
  2505 | D:3      | Found a stormy altar of Qazlal.
  2614 | D:4      | Noticed an ogre
  2625 | D:4      | Killed an ogre
  2625 | D:4      | Reached XP level 6. HP: 25/48 MP: 6/6
  3014 | D:4      | XOM: harmless Tmut miscast
  3031 | D:4      | XOM: butterfly on damage
  3031 | D:4      | XOM: smoke on damage
  3174 | D:4      | Reached skill level 5 in Polearms
  3174 | D:4      | Reached XP level 7. HP: 54/55 MP: 7/7
  3349 | D:4      | XOM: give mutations
  3349 | D:4      | Gained mutation: You can translocate small distances at will. [Xom's grace]
  3349 | D:4      | Gained mutation: Your system is resistant to poisons. (rPois) [Xom's grace]
  3349 | D:4      | Gained mutation: You evolve. [Xom's grace]
  3349 | D:4      | Lost mutation: You evolve. [Xom's grace]
  3349 | D:4      | Gained mutation: You are somewhat resistant to further mutation. [Xom's grace]
  3463 | D:4      | Noticed Edmund
  3465 | D:4      | XOM: cast spell 'Summon Dragon'
  3470 | D:4      | Killed Edmund
  3536 | D:5      | Entered Level 5 of the Dungeon
  3541 | D:5      | XOM: give mutations
  3541 | D:5      | Gained mutation: You are clumsy. (Dex -2) [Xom's mischief]
  3541 | D:5      | Gained mutation: You are very clumsy. (Dex -4) [Xom's mischief]
  3541 | D:5      | Gained mutation: Armour fits poorly on your strangely shaped body. [Xom's mischief]
  3554 | D:5      | XOM: noise
  3562 | D:5      | XOM: give mutations
  3562 | D:5      | Lost mutation: Your system is resistant to poisons. (rPois) [Xom's mischief]
  3562 | D:5      | Lost mutation: Armour fits poorly on your strangely shaped body. [Xom's mischief]
  3562 | D:5      | Gained mutation: You are dopey. (Int -2) [Xom's mischief]
  3578 | D:5      | XOM: 1-stop teleportation journey
  3593 | D:5      | XOM: harmless Erth miscast
  3596 | D:5      | XOM: summons 2 hostile shadow creatures
  3887 | D:5      | Found Xyrphugaa's Food Emporium.
  3889 | D:5      | Found a staircase to the Ecumenical Temple.
  3952 | D:5      | Found Qakaess's Jewellery Emporium.
  3973 | D:5      | Found Xeolliewa's Food Boutique.
  4011 | D:5      | Noticed a hungry ghost
  4014 | D:5      | XOM: medium Air miscast
  4038 | D:5      | XOM: smoke on damage
  4052 | D:5      | Killed a hungry ghost
  4052 | D:5      | Reached XP level 8. HP: 45/61 MP: 8/8
  4162 | D:5      | Found Toruhy's Weapon Shoppe.
  4172 | D:5      | Reached skill level 6 in Polearms
  4215 | D:5      | XOM: enchant monster (good)
  4696 | D:5      | XOM: harmless Air miscast
  4697 | D:5      | XOM: smoke on damage
  4764 | D:6      | Reached skill level 5 in Fighting
  5251 | D:6      | XOM: enchant monster (bad)
  5430 | D:6      | XOM: destruction
  5445 | D:6      | XOM: summons 8 friendly demons
  5516 | D:6      | XOM: cloud trail
  5596 | D:7      | XOM: harmless Ice miscast
  5606 | D:7      | Reached skill level 5 in Armour
  5639 | D:7      | XOM: cast spell 'Leda's Liquefaction'
  5653 | D:7      | XOM: scenery: create altars
  5654 | D:7      | XOM: cleaving
  5655 | D:7      | XOM: summons 8 friendly demons
  5662 | D:7      | Hit by a tomahawk thrown by an orc warrior

Skill      XL: |  1  2  3  4  5  6  7  8 |
---------------+-------------------------+-----
Polearms       | 4 5 6 |  6.7
Fighting       | 4 5 |  5.2
Stealth        | 1 2 |  2.2
Dodging        | 2 3 |  3.8
Armour         | 3 4 5 |  5.0

Action                   |  1- 3 |  4- 6 |  7- 9 || total
-------------------------+-------+-------+-------++-------
Melee: Spear             |   123 |   249 |   146 ||   518
       Scythe            |       |       |   157 ||   157
  Use: Potion            |     2 |       |     5 ||     7
       Scroll            |     1 |     2 |     4 ||     7
 Stab: Confused          |     1 |       |     1 ||     2
       Petrified         |       |     6 |     1 ||     7
       Sleeping          |       |     1 |       ||     1
       Paralysed         |       |     1 |       ||     1
       Petrifying        |       |       |     1 ||     1
  Eat: Chunk             |       |     6 |     9 ||    15
       Bread ration      |       |       |     3 ||     3
       Royal jelly       |       |       |     1 ||     1
Armor: Leather armour    |    37 |    39 |       ||    76
       Ring mail         |       |    20 |   126 ||   146
Dodge: Dodged            |    50 |   110 |   189 ||   349
Block: Other             |       |       |    71 ||    71
       Reflection        |       |       |     1 ||     1
